 Dungeon Crawl Stone Soup version 0.22.1 (webtiles) character file.

84 Folque the Charlatan (level 4, -1/37 HPs)
             Began as a Draconian Artificer on Sept 19, 2018.
             Succumbed to a kobold's poison
             ... on level 2 of the Dungeon.
             The game lasted 00:08:19 (1635 turns).

Folque the Charlatan (Draconian Artificer)          Turns: 1635, Time: 00:08:20

Health: -1/37      AC:  5    Str: 14    XL:     4   Next: 23%
Magic:  7/7        EV: 12    Int: 12    God:
Gold:   111        SH:  0    Dex: 14    Spells: 3/3 levels left

rFire    . . .     SeeInvis .   a - +0 short sword
rCold    . . .     Gourm    .   (no shield)
rNeg     . . .     Faith    .   (armour unavailable)
rPois    .         Spirit   .   (helmet restricted)
rElec    .         Reflect  .   (no cloak)
rCorr    .         Harm     .   (no gloves)
MR       .....                  (no boots)
Stlth    ++........             (no amulet)
HPRegen  0.12/turn              (no ring)
MPRegen  0.10/turn              (no ring)

@: lethally poisoned (-1 -> -41), about to teleport
A: unfitting armour, agile 1, blurry vision 1, mutation resistance 1,
cold-blooded, AC +5
a: no special abilities


You were on level 2 of the Dungeon.
You were hungry.

You visited 1 branch of the dungeon, and saw 2 of its levels.

You collected 111 gold pieces.

Inventory:

Hand Weapons
 a - a +0 short sword (weapon)
 g - a +0 hunting sling
Missiles
 p - 18 stones (quivered)
Jewellery
 m - a cursed ring of teleportation {unknown}
Wands
 b - a wand of flame (12)
 c - a wand of enslavement (13)
 d - a wand of random effects (7)
Scrolls
 j - a scroll of identify {unknown}
 l - a scroll of enchant weapon {unknown}
 n - a scroll of magic mapping {unknown}
 o - a scroll of remove curse {unknown}
 q - a scroll of blinking {unknown}
 r - a scroll of amnesia {unknown}
Comestibles
 f - 3 rations


   Skills:
 * Level 2.8 Fighting
 - Level 1.0 Short Blades
 - Level 2.0 Dodging
 + Level 1.7 Stealth
 * Level 4.0 Evocations


You had 3 spell levels left.
You didn't know any spells.
Your spell library was empty.

Dungeon Overview and Level Annotations

Branches:
Dungeon (2/15)

Altars:
Ru


Innate Abilities, Weirdness & Mutations

Your plain brown scales are hard. (AC +5)
You cannot fit into any form of body armour.
You are cold-blooded and may be slowed by cold attacks.
You are agile. (Dex +2)
Scrolls take you a little longer to read.
You are somewhat resistant to further mutation.


Message History

The kobold hits you but does no damage.
You are more poisoned.
As you read the scroll labeled POANOT OFYDDU, it crumbles to dust.
You assume a fearsome visage.
The kobold looks frightened!
It was a scroll of fear.
Really read with blurry vision while enemies are nearby?
You feel sick.
You begin reading the scroll.
You continue reading the scroll.
* * * LOW HITPOINT WARNING * * *
You feel very sick.
The kobold cowers, then darts away.
As you read the scroll labeled HAEHYISMEI, it crumbles to dust.
You feel strangely unstable.
It was a scroll of teleportation.
* * * LOW HITPOINT WARNING * * *
You feel very sick.
You see here a stone.
* * * LOW HITPOINT WARNING * * *
You feel very sick.
There is an open door here.
You die...

#### #.. ≈. ##.##########
≈≈# #.@#........# ≈.##
#..'........# ≈..#
#..#(.......# .≈.#
#..#........# ...#
########..#......K.#
...#####.........#......[.#
............##...#........'
...#####.##.##...#........#
.[.# #.##.##.#.##########


There were no monsters in sight!

Vanquished Creatures
  Robin (D:2)
  2 oozes (D:1)
  A worm (D:2)
  2 dart slugs (D:1)
  3 bats (D:1)
  4 giant cockroaches
  13 goblins
  7 hobgoblins
  6 jackals (D:1)
  2 kobolds (D:1)
  A quokka (D:2)
  A ball python (D:1)
  2 frilled lizards
  7 rats
52 creatures vanquished.

Notes
Turn   | Place    | Note
-------+----------+-------------------------------------------
     0 | D:1      | Folque the Draconian Artificer began the quest for the Orb.
     0 | D:1      | Reached XP level 1. HP: 16/16 MP: 3/3
    87 | D:1      | Reached skill level 1 in Stealth
   148 | D:1      | Reached XP level 2. HP: 16/23 MP: 4/4
   721 | D:1      | Reached XP level 3. HP: 29/29 MP: 5/5
  1185 | D:2      | Found a sacrificial altar of Ru.
  1306 | D:2      | Noticed Robin
  1311 | D:2      | Reached XP level 4. HP: 29/37 MP: 6/6
  1557 | D:2      | Killed Robin
  1557 | D:2      | Reached skill level 4 in Evocations
  1627 | D:2      | Gained mutation: You are agile. (Dex +2) [potion of
                  | mutation]
  1627 | D:2      | Gained mutation: Scrolls take you a little longer to read.
                  | [potion of mutation]
  1627 | D:2      | Gained mutation: You are somewhat resistant to further
                  | mutation. [potion of mutation]
  1635 | D:2      | Succumbed to a kobold's poison

Skill      XL: |  1  2  3  4 |
---------------+-------------+-----
Stealth        | 1 |  1.7
Dodging        | 2 |  2.0
Fighting       | 2 |  2.8
Evocations     | 4 |  4.0
Short Blades   | |  1.0

Action                   |  1- 3 |  4- 6 || total
-------------------------+-------+-------++-------
Melee: Short sword       |   154 |    19 ||   173
       Tailslap          |    15 |     2 ||    17
Evoke: Wand              |     8 |     5 ||    13
  Use: Scroll            |       |     2 ||     2
       Potion            |       |     2 ||     2
 Stab: Sleeping          |     5 |       ||     5
       Distracted        |     1 |       ||     1
  Eat: Chunk             |     1 |     1 ||     2
Armor: Skin              |    42 |    12 ||    54
Dodge: Dodged            |    86 |     6 ||    92
